[Event "FIDE WCCC U12 2018"]
[Site "Santiago de Compostela"]
[Date "2018.11.14"]
[Round "10"]
[White "Rakhmatullaev, Almas"]
[Black "Damjanovic, Vuk"]
[Result "1/2-1/2"]
[ECO "A43"]
[WhiteElo "1921"]
[BlackElo "2053"]
[Annotator "NA RC"]
[PlyCount "99"]
[EventDate "2018.11.04"]
[EventType "swiss"]
[EventCountry "ESP"]
[SourceTitle "playchess.com"]
[Source "ChessBase"]
[SourceQuality "1"]
[TimeControl "40/5400+30:1800+30"]

1. d4 c5 2. c3 Nf6 3. Nf3 d5 4. Bf4 Qb6 5. Nbd2 {[%emt 0:01:59] D02: 1 d4 d5 2 Nf3 sidelines, including 2...Nf6 3 g3 and 2...Nf6 3 Bf4} ({Better is} 5. Qb3 $11 Nc6 6. dxc5 Qxc5 7. Nbd2 e6 8. e3 Be7 9. h3 O-O 10. Be2 b6 11. O-O Bb7 12. a4 Rac8 13. Rfd1 h6 {0-1 (60) Kamsky,G (2721)-Ponomariov,R (2731) Beijing 2013}) 5... cxd4 6. cxd4 Nc6 7. e3 Bf5 8. Nh4 Bg4 $146 ({Predecessor:} 8... Bd7 9. Qb3 Qxb3 10. Nxb3 e6 11. Nf3 Nb4 12. Rc1 Nxa2 {0-1 (20) Rodriguez Lazo,L (1898)-Curi,G (2175) Montevideo 2018}) 9. Be2 Bxe2 10. Qxe2 e6 11. O-O Be7 12. Nhf3 O-O 13. Ne5 Nxe5 14. dxe5 Ne4 15. Nxe4 dxe4 16. Qg4 Kh8 ({Much worse is} 16... Qxb2 17. Rab1 $14) 17. Bg3 Qb4 18. a3 Qa4 19. Qd1 Qxd1 20. Rfxd1 Rfd8 21. Kf1 h5 22. f3 h4 23. Be1 h3 24. fxe4 hxg2+ 25. Kxg2 Rac8 26. Rxd8+ Bxd8 27. Bc3 Bb6 28. Kf3 Kh7 29. Rg1 g6 30. Ke2 Kg7 31. Rg3 Rh8 32. h3 Rh4 33. Kd3 Bc7 34. Bd4 a6 35. Rf3 Rh5 36. Bc5 Bxe5 37. b4 f6 38. a4 b5 39. a5 Kf7 40. Bd4 Ke7 41. Bxe5 Rxe5 42. Rg3 Kf7 (42... g5 $11) 43. Kd4 Rh5 44. Rf3 (44. Rg1 $16) 44... Ke7 45. Rg3 Kf7 46. Rf3 Kg7 47. Rg3 (47. Rf1 $16) 47... Kh6 48. Rf3 Kg7 49. Rg3 Kh6 $11 50. Rf3 1/2-1/2

[Event "FIDE WCCC U12 2018"]
[Site "Santiago de Compostela"]
[Date "2018.11.15"]
[Round "11"]
[White "Yoo, Christopher Woojin"]
[Black "Ohanyan, Emin"]
[Result "1-0"]
[ECO "C12"]
[WhiteElo "2407"]
[BlackElo "1742"]
[Annotator "ChessBase"]
[PlyCount "81"]
[EventDate "2018.11.04"]
[EventType "swiss"]
[EventCountry "ESP"]
[SourceTitle "playchess.com"]
[Source "ChessBase"]
[SourceQuality "1"]
[TimeControl "40/5400+30:1800+30"]

1. e4 e6 2. d4 d5 3. Nc3 Nf6 4. Bg5 Bb4 5. Nge2 h6 6. Bxf6 Qxf6 7. a3 Bxc3+ 8. Nxc3 dxe4 9. Nxe4 Qe7 10. Bc4 O-O 11. Qe2 Nd7 12. O-O-O Nf6 13. Nc3 Re8 14. f4 Bd7 15. g4 Bc6 16. Rhf1 Nd5 17. Bxd5 Bxd5 18. Rg1 Qh4 19. Kb1 c6 20. Rg3 Kh8 21. Qe3 Qe7 22. g5 g6 23. gxh6 Kh7 24. Rg5 Qf6 25. h4 Rg8 26. Ne2 Rad8 27. b3 b5 28. Nc1 a5 29. Nd3 a4 30. b4 Bc4 31. Ne5 Bd5 32. Rdg1 Rdf8 33. Nd7 Qe7 34. Nxf8+ Qxf8 35. h5 Qxh6 36. R1g3 Kg7 37. Qe5+ Kh7 38. Rh3 f6 39. hxg6+ Rxg6 40. Rxh6+ Rxh6 41. Qc7+ 1-0

[Event "FIDE WCCC U12 2018"]
[Site "Santiago de Compostela"]
[Date "2018.11.15"]
[Round "11"]
[White "Guo, Arthur"]
[Black "Murzin, Volodar"]
[Result "1-0"]
[ECO "B90"]
[WhiteElo "2333"]
[BlackElo "2340"]
[Annotator "NA"]
[PlyCount "111"]
[EventDate "2018.11.04"]
[EventType "swiss"]
[EventCountry "ESP"]
[SourceTitle "playchess.com"]
[Source "ChessBase"]
[SourceQuality "1"]
[TimeControl "40/5400+30:1800+30"]

1. e4 c5 2. Nf3 d6 3. d4 cxd4 4. Nxd4 Nf6 5. Nc3 a6 6. Be3 e5 7. Nf3 Be7 8. Bc4 O-O 9. O-O Qc7 {[%emt 0:02:36] LiveBook: 152 Games} 10. Bb3 {[%emt 0:00:08] B90: Sicilian Najdorf: Unusual White 6th moves, 6 Be3 Ng4 and 6 Be3 e5} Nc6 (10... Be6 11. Nh4 g6 12. Bh6 Re8 13. Qd2 Nbd7 14. Nf5 Bxb3 15. axb3 Nc5 16. Rae1 Ne6 17. Ne3 Rac8 18. h3 Bf8 19. Bxf8 Rxf8 {1-0 (46) Giri,A (2755)-Anand,V (2776) Moscow 2016}) 11. Bg5 Be6 12. Bxf6 Bxf6 13. Nd5 Bxd5 14. Qxd5 Be7 $146 ({Predecessor:} 14... Na5 15. Rfd1 Rfd8 16. c3 Nxb3 17. axb3 Rac8 18. Ne1 Qc6 {1-0 (47) Esquivias Quintero,L (2182)-Montero Campuzano,R (2062) Sevilla 2017}) 15. c3 Kh8 16. Rad1 Na5 17. Ne1 g6 18. Nc2 Rad8 19. Qd2 Nxb3 20. axb3 f5 21. Nb4 f4 22. Nd5 Qd7 23. f3 Bh4 24. Qe2 Rf7 25. Nb4 Rg8 26. Rd5 Be7 27. Nd3 Qe6 28. c4 g5 29. c5 Rfg7 30. Rd1 g4 31. Rd2 Qf6 32. Qf1 gxf3 33. Qxf3 Rg5 34. b4 dxc5 35. bxc5 a5 36. Rc2 Bf8 37. b3 h6 (37... Be7 $11) 38. Kh1 Qe6 39. Ne1 Qe8 (39... b6 $14) 40. Qc3 a4 41. Nf3 Rh5 42. b4 Kh7 43. Qd3 Bg7 44. b5 Qa8 45. Rd7 a3 46. Ra2 Qa4 47. Rxa3 Qb4 48. Rc3 Ra8 49. Rc1 Qb2 50. Qd2 Qxb5 51. Qd5 Qb2 52. Rg1 $18 Ra1 53. h3 Qf2 54. Rxg7+ Kxg7 55. Qd7+ Kf8 56. Rxa1 1-0

[Event "FIDE WCCC U12 2018"]
[Site "Santiago de Compostela"]
[Date "2018.11.15"]
[Round "11"]
[White "Kostolansky, Sebastian Lukas"]
[Black "Bui, Bao Anh Le"]
[Result "1-0"]
[ECO "B90"]
[WhiteElo "2323"]
[BlackElo "2101"]
[Annotator "NA"]
[PlyCount "72"]
[EventDate "2018.11.04"]
[EventType "swiss"]
[EventCountry "ESP"]
[SourceTitle "playchess.com"]
[Source "ChessBase"]
[SourceQuality "1"]
[TimeControl "40/5400+30:1800+30"]

1. e4 c5 2. Nf3 d6 3. d4 cxd4 4. Nxd4 Nf6 5. Nc3 a6 6. Be3 e5 7. Nb3 Be6 8. f4 exf4 9. Bxf4 Nc6 10. Qe2 Be7 11. h3 {[%emt 0:00:07] B90: Sicilian Najdorf: Unusual White 6th moves, 6 Be3 Ng4 and 6 Be3 e5} Nd7 12. O-O-O Nde5 {[%emt 0:00:08] LiveBook: 31 Games} 13. Kb1 {[%emt 0:12:39] [#]} Ng6 $146 ({Predecessor:} 13... O-O 14. g4 Rc8 15. Qg2 {½-½ (40) Negi,P (2634)-Cheparinov,I (2678) Helsingor 2013}) 14. Be3 Qc7 15. g4 Rc8 16. g5 Nce5 17. Nd5 Qc4 18. Qd2 (18. Nb6 $16 Qxe2 19. Bxe2) 18... Qxe4 19. Nxe7 Nxe7 20. Bg2 Qg6 21. Nd4 Nc4 22. Qf2 Nxe3 23. Qxe3 Nf5 24. Nxf5 {[%emt 0:03:19] Pin} Qxf5 25. Bxb7 Rxc2 26. Be4 Qc5 27. Qd3 Qc4 $2 (27... Rc4 $15) 28. Qxc2 (28. Qxd6 $142 Rc1+ 29. Rxc1 Qxe4+ 30. Ka1) 28... Qxa2+ 29. Kc1 O-O 30. Rxd6 Qa1+ 31. Kd2 Qa5+ 32. Ke2 Rc8 $2 (32... Qe5) 33. Qd2 Qb5+ 34. Kf3 Rf8 35. Rd8 Qb3+ $18 36. Kf4 Qb4 1-0

[Event "FIDE WCCC U12 2018"]
[Site "Santiago de Compostela"]
[Date "2018.11.15"]
[Round "11"]
[White "Ghazarian, Kirk"]
[Black "Samadov, Read"]
[Result "1/2-1/2"]
[ECO "C03"]
[WhiteElo "2264"]
[BlackElo "2029"]
[Annotator "NA"]
[PlyCount "35"]
[EventDate "2018.11.04"]
[EventType "swiss"]
[EventCountry "ESP"]
[SourceTitle "playchess.com"]
[Source "ChessBase"]
[SourceQuality "1"]
[TimeControl "40/5400+30:1800+30"]

1. e4 e6 2. d4 d5 3. Nd2 a6 4. Ngf3 c5 5. exd5 exd5 6. dxc5 Bxc5 7. Bd3 Nf6 8. O-O {[%emt 0:00:10] C08: French Tarrasch: 3...c5 4 exd5 exd5 sidelines} O-O 9. h3 Nc6 10. Nb3 Bb6 11. c3 {[%emt 0:02:01] LiveBook: 9 Games} (11. Re1 Ne4 12. Be3 Bc7 13. c4 Be6 14. Nc5 Nxc5 15. Bxc5 Re8 {0-1 (53) Hammer,J (2677)-Topalov,V (2798) Stavanger 2015}) 11... Ne4 12. Qc2 Re8 $146 ({Predecessor:} 12... f5 13. Bf4 Qf6 14. Rad1 Be6 15. Qe2 Kh8 {0-1 (36) Wang,Y (2382)-Straub,N (2382) Moscow 2001}) 13. Be3 Bxe3 14. fxe3 Bf5 15. Nbd4 Bg6 16. Rad1 Qe7 17. Rfe1 Rac8 $15 18. Qe2 1/2-1/2

[Event "FIDE WCCC U12 2018"]
[Site "Santiago de Compostela"]
[Date "2018.11.15"]
[Round "11"]
[White "Lazavik, Denis"]
[Black "Han, Yichen"]
[Result "1-0"]
[ECO "E68"]
[WhiteElo "2235"]
[BlackElo "2061"]
[Annotator "NA"]
[PlyCount "79"]
[EventDate "2018.11.04"]
[EventType "swiss"]
[EventCountry "ESP"]
[SourceTitle "playchess.com"]
[Source "ChessBase"]
[SourceQuality "1"]
[TimeControl "40/5400+30:1800+30"]

1. d4 Nf6 2. c4 g6 3. g3 Bg7 4. Bg2 O-O 5. Nc3 d6 6. Nf3 Nbd7 7. O-O e5 8. e4 exd4 9. Nxd4 Re8 10. h3 a6 11. Be3 Rb8 12. b3 {[%emt 0:04:35] E68: King's Indian: Fianchetto: 6...Nbd7 7 0-0 e5 8 e4} (12. a4 a5 13. Qc2 c6 14. Rad1 Qc7 15. f4 Nc5 16. g4 Bd7 17. f5 Rbc8 18. g5 Nfxe4 19. Bxe4 d5 20. Bf4 Qb6 21. f6 Bf8 {½-½ (55) Ding,L (2777)-Mamedyarov,S (2799) Huaian 2017}) 12... Ne5 {[%emt 0:01:06] LiveBook: 18 Games} 13. a4 c5 14. Nde2 Nc6 15. Ra2 Qc7 16. Rd2 Bf8 $146 ({Predecessor:} 16... Be6 17. Rxd6 Nd4 18. Rxd4 cxd4 19. Bxd4 Rbd8 20. Nd5 Bxd5 21. exd5 {0-1 (31) Nedilko,V (2383)-Bortnyk,M (2432) Lutsk 2018}) 17. Qc2 Nb4 18. Qb1 b6 19. Rfd1 Bb7 20. Bf4 Rbd8 21. g4 Bc6 22. Ng3 h6 23. Qc1 Rd7 (23... Kh7 $14) 24. Re2 Kh7 {[%emt 0:01:00] [#]} 25. g5 $1 hxg5 26. Bxg5 Ng8 27. Qf4 Bh6 28. Bxh6 Nxh6 29. h4 Rdd8 30. h5 Qe7 {[%emt 0:00:55] [#]} (30... Re5 $16) 31. Nd5 $1 Bxd5 32. exd5 Qf8 33. Ne4 Kh8 34. Re3 f5 35. Ng5 Ng4 $2 (35... Rxe3 36. Qxe3 Qf6) 36. Rh3 Qf6 37. Nf7+ Kg7 38. Nxd8 Qxd8 $2 (38... g5) 39. hxg6 Kxg6 $18 40. f3 1-0

[Event "FIDE WCCC U12 2018"]
[Site "Santiago de Compostela"]
[Date "2018.11.15"]
[Round "11"]
[White "Tashev, Aleksandar"]
[Black "Yoon, Jacob D"]
[Result "1/2-1/2"]
[ECO "A06"]
[WhiteElo "2211"]
[BlackElo "2048"]
[Annotator "NA"]
[PlyCount "70"]
[EventDate "2018.11.04"]
[EventType "swiss"]
[EventCountry "ESP"]
[SourceTitle "playchess.com"]
[Source "ChessBase"]
[SourceQuality "1"]
[TimeControl "40/5400+30:1800+30"]

1. Nf3 d5 2. g3 Bg4 3. Bg2 c6 4. O-O e6 5. d3 Nf6 6. Nbd2 Be7 7. c4 Nbd7 8. b3 O-O 9. Bb2 a5 10. a3 Ne8 11. Qc2 {[%emt 0:03:25] LiveBook: 3 Games} Bf6 12. Rfe1 Bxb2 13. Qxb2 Qf6 14. Qc2 e5 15. h3 Bxf3 16. Nxf3 Nd6 17. Nd2 Qe6 18. e4 dxc4 19. dxc4 Nc5 20. b4 Na6 21. Qc3 axb4 22. axb4 Nc7 23. Kh2 f6 24. Bf1 Kh8 25. Qe3 Qe7 26. Red1 Rfd8 27. Nb3 Ne6 28. c5 Nf7 29. Bc4 Rxa1 30. Rxa1 Nd4 31. Rd1 Ng5 32. Kg2 Ngf3 33. h4 Nxb3 34. Bxb3 Rxd1 35. Bxd1 Nd4 $11 1/2-1/2

[Event "FIDE WCCC U12 2018"]
[Site "Santiago de Compostela"]
[Date "2018.11.15"]
[Round "11"]
[White "Shen, Shiyan"]
[Black "Chasin, Nico"]
[Result "0-1"]
[ECO "C03"]
[WhiteElo "2187"]
[BlackElo "2189"]
[Annotator "NA"]
[PlyCount "32"]
[EventDate "2018.11.04"]
[EventType "swiss"]
[EventCountry "ESP"]
[SourceTitle "playchess.com"]
[Source "ChessBase"]
[SourceQuality "1"]
[TimeControl "40/5400+30:1800+30"]

1. e4 e6 2. d4 d5 3. Nd2 Be7 4. e5 c5 5. c3 cxd4 6. cxd4 Qb6 7. Ndf3 Bd7 8. Bd3 Bb5 9. Ne2 Bxd3 10. Qxd3 Qa6 11. Qxa6 Nxa6 12. a3 Bd8 13. Nc3 Nc7 14. O-O Ne7 15. Be3 Nc6 16. Nd2 f5 0-1

[Event "FIDE WCCC U12 2018"]
[Site "Santiago de Compostela"]
[Date "2018.11.15"]
[Round "11"]
[White "Zhou, Liran"]
[Black "Rakhmatullaev, Almas"]
[Result "1-0"]
[ECO "C77"]
[WhiteElo "2186"]
[BlackElo "1921"]
[Annotator "NA"]
[PlyCount "63"]
[EventDate "2018.11.04"]
[EventType "swiss"]
[EventCountry "ESP"]
[SourceTitle "playchess.com"]
[Source "ChessBase"]
[SourceQuality "1"]
[TimeControl "40/5400+30:1800+30"]

1. e4 e5 2. Nf3 Nc6 3. Bb5 a6 4. Ba4 Nf6 5. Qe2 b5 6. Bb3 Bc5 7. d3 d6 8. c3 Be6 {[%emt 0:06:44] LiveBook: 6 Games C77: Ruy Lopez: 3...a6 4 Ba4 Nf6, unusual lines} (8... h6 9. O-O O-O 10. Be3 Bxe3 11. Qxe3 Na5 12. Bc2 c5 13. Nbd2 Nc6 14. a4 Rb8 15. axb5 axb5 16. Rfd1 Qb6 17. Nf1 d5 18. exd5 Nxd5 19. Qe4 Nf6 20. Qe2 Re8 21. Ng3 Be6 22. Re1 Bd5 23. Nd2 {½-½ (23) Tiviakov,S (2637)-Shirov,A (2749) Hoogeveen 2010}) 9. O-O h6 10. Be3 O-O 11. Nbd2 $146 ({Predecessor:} 11. Bc2 Qd7 12. Nbd2 Bg4 13. Rfe1 Bxe3 14. fxe3 d5 15. exd5 Nxd5 16. Qf2 f5 17. Qh4 Qd6 {1-0 (36) Prasanna Raghuram,R (2310)-Szalay,K (2128) Kemer 2009}) 11... Bxe3 12. fxe3 Bxb3 13. axb3 d5 14. exd5 Nxd5 15. g3 Qd7 16. b4 Nb6 17. Ne4 Na4 18. b3 f5 19. bxa4 fxe4 20. dxe4 bxa4 21. Rxa4 Qg4 (21... Qe6 $142 22. Kg2 (22. Rxa6 Nd4 $16) 22... a5) 22. b5 ({Worse is} 22. Rxa6 Rxa6 23. Qc4+ (23. Qxa6 Rxf3 24. Qa8+ Kf7 $11) 23... Kh8 $11) ({Resist} 22. Qc4+ Kh7 $16) 22... Ne7 23. Qa2+ ({Don't take} 23. Rxa6 $6 Qxe4 24. Nd2 Rxf1+ 25. Qxf1 Qxe3+ 26. Qf2 Qxf2+ 27. Kxf2 Rd8 $16) (23. bxa6 $18 {and White stays clearly on top.} Kh8 24. Rf2) 23... Kh7 24. Kg2 Ng6 (24... a5 $16 {was necessary.} 25. h3 (25. Nxe5 Qh5 $14) 25... Qg6) 25. h3 ({Stronger than} 25. Rxa6 Rxa6 26. bxa6 Rxf3 $11) 25... Qh5 $2 (25... Qd7 {was necessary.} 26. bxa6 Qd3) 26. bxa6 Rf6 $2 (26... Ne7 27. Qc4 Qe8) 27. a7 Raf8 $2 (27... Ne7 28. Rf2 Nc8) 28. a8=Q Rxf3 {[%emt 0:00:10] [#]} 29. Qxf8 $18 Rxf8 30. Rxf8 Nxf8 31. Ra8 Ne6 32. Qf2 1-0

[Event "FIDE WCCC U12 2018"]
[Site "Santiago de Compostela"]
[Date "2018.11.15"]
[Round "11"]
[White "Aizenberg, Benny"]
[Black "Zhakshylykov, Erzhan"]
[Result "1-0"]
[ECO "B90"]
[WhiteElo "2164"]
[BlackElo "1526"]
[Annotator "ChessBase"]
[PlyCount "63"]
[EventDate "2018.11.04"]
[EventType "swiss"]
[EventCountry "ESP"]
[SourceTitle "playchess.com"]
[Source "ChessBase"]
[SourceQuality "1"]
[TimeControl "40/5400+30:1800+30"]

1. e4 c5 2. Nf3 d6 3. d4 cxd4 4. Nxd4 Nf6 5. Nc3 a6 6. h3 e5 7. Nde2 Be7 8. g4 Be6 9. Bg2 Nbd7 10. O-O O-O 11. Be3 Rc8 12. Nd5 Bxd5 13. exd5 b5 14. Ng3 Nc5 15. b3 Re8 16. f4 exf4 17. Bxf4 Nfd7 18. Nf5 Qb6 19. Kh1 Bf8 20. Qf3 Ne5 21. Bxe5 Rxe5 22. Rae1 f6 23. g5 Qd8 24. gxf6 Qxf6 25. Nh6+ Kh8 26. Nf7+ Kg8 27. Nxe5 dxe5 28. Qxf6 gxf6 29. Rxf6 Re8 30. Rc6 e4 31. d6 Re5 32. b4 1-0

[Event "FIDE WCCC U12 2018"]
[Site "Santiago de Compostela"]
[Date "2018.11.15"]
[Round "11"]
[White "Chyzy, Jakub"]
[Black "Boris, Peter"]
[Result "1-0"]
[ECO "C47"]
[WhiteElo "2136"]
[BlackElo "1914"]
[Annotator "NA"]
[PlyCount "89"]
[EventDate "2018.11.04"]
[EventType "swiss"]
[EventCountry "ESP"]
[SourceTitle "playchess.com"]
[Source "ChessBase"]
[SourceQuality "1"]
[TimeControl "40/5400+30:1800+30"]

1. e4 e5 2. Nf3 Nc6 3. Nc3 Nf6 4. d4 exd4 5. Nxd4 Bb4 6. Nxc6 bxc6 7. Bd3 d5 8. exd5 cxd5 9. O-O O-O 10. Bg5 c6 11. Qf3 ({Of course not} 11. Bxf6 Qxf6 12. Ne2 Bd6 $17) 11... Bd6 12. h3 Rb8 13. Rab1 Be6 {[%emt 0:04:25] LiveBook: 3 Games C47: Scotch Four Knights and Four Knights with 4 g3} (13... h6 14. Bf4 Be6 15. Ne2 c5 16. c3 Re8 17. Rfd1 Rb6 18. Bc2 Bxf4 19. Nxf4 Qb8 20. b3 a5 21. Re1 {1-0 (33) Dubov,D (2694)-Matlakov,M (2709) Moscow 2018}) 14. b3 Re8 15. Ne2 c5 16. Ng3 h6 17. Bxf6 Qxf6 18. Qxf6 gxf6 {[%emt 0:00:04] [#]} 19. f4 $146 ({You set blue moves yourself with the critical opening position annotation.:} 19. Nf5 Bxf5 20. Bxf5 Bc7 21. Rbd1 {½-½ (52) Hasangatin,R (2512)-Predke,A (2535) Sochi 2016}) 19... c4 20. Be2 cxb3 (20... f5 $15) 21. axb3 Bd7 22. Rbd1 Bc6 23. Bg4 Bc5+ 24. Kh2 Bb5 25. Rfe1 Rxe1 26. Rxe1 Bf2 27. Rd1 Bxg3+ 28. Kxg3 Bc6 29. Bf3 Rb5 30. c4 ({White should try} 30. Ra1 $16) 30... Rxb3 31. cxd5 Bd7 ({Black should play} 31... Bb5 $1 $14) 32. Ra1 Rb7 33. Kf2 Kf8 34. Ra6 Kg7 35. Ke3 Bb5 36. Ra2 a6 37. Kd4 Rc7 38. Be2 Bxe2 $2 (38... Rc1 {was called for.} 39. Rb2 Bxe2 40. Rxe2 Kf8) 39. Rxe2 Kf8 40. d6 Rc1 41. Kd5 a5 42. d7 Rd1+ 43. Kc6 Rc1+ 44. Kb7 Rb1+ 45. Ka7 1-0

[Event "FIDE WCCC U12 2018"]
[Site "Santiago de Compostela"]
[Date "2018.11.15"]
[Round "11"]
[White "Nguyen, Quoc Hy"]
[Black "Hommer, Jeremy"]
[Result "1-0"]
[ECO "A10"]
[WhiteElo "2117"]
[BlackElo "1987"]
[Annotator "NA"]
[PlyCount "91"]
[EventDate "2018.11.04"]
[EventType "swiss"]
[EventCountry "ESP"]
[SourceTitle "playchess.com"]
[Source "ChessBase"]
[SourceQuality "1"]
[TimeControl "40/5400+30:1800+30"]

1. c4 b6 2. d4 Bb7 3. d5 e6 4. e4 exd5 5. exd5 {[%emt 0:00:30] A40: Unusual replies to 1 d4} Nf6 6. Nf3 Be7 7. Nc3 O-O 8. Be2 $146 ({Predecessor:} 8. Bd3 c6 9. O-O cxd5 10. cxd5 Bb4 11. Ne4 h6 12. a3 Be7 {1-0 (51) Ungureanu,E (2385)-Sahovic,D (2460) Timisoara 1977}) 8... Re8 9. O-O h6 10. Bf4 d6 11. Nd4 Bf8 12. Bd3 Nbd7 13. Bc2 Ne5 14. Ba4 Nfd7 15. b3 Qc8 16. Bg3 Ng6 17. h4 Rd8 18. h5 Ne7 19. Bh4 Nc5 20. Bc6 Bxc6 21. dxc6 ({Much less strong is} 21. Nxc6 $6 Re8 $14) 21... Re8 22. Re1 Ne6 23. Bxe7 Bxe7 24. Nd5 Bf8 25. Qg4 Kh8 26. b4 a6 27. Re3 Nxd4 28. Qxd4 Rxe3 29. Qxe3 Qe8 30. Qxe8 Rxe8 31. b5 ({Less strong is} 31. Nxc7 Rc8 $16) 31... axb5 32. cxb5 Rc8 33. Re1 Kg8 (33... Kh7 $142 34. Kh2 g6) 34. Re4 f6 35. Re7 Ra8 36. Rxc7 Rxa2 37. Rc8 Kf7 38. c7 Rc2 39. Ra8 Rc1+ 40. Kh2 Ke6 41. c8=Q+ Rxc8 42. Rxc8 Kxd5 43. Rxf8 Ke4 $18 44. Rb8 d5 45. Rxb6 d4 46. Rd6 {[%emt 0:00:06] Kd5} 1-0

[Event "FIDE WCCC U12 2018"]
[Site "Santiago de Compostela"]
[Date "2018.11.15"]
[Round "11"]
[White "Maurizzi, Marc Andria"]
[Black "Nahornyi, Ihor"]
[Result "1-0"]
[ECO "B40"]
[WhiteElo "2103"]
[BlackElo "1900"]
[Annotator "ChessBase"]
[PlyCount "37"]
[EventDate "2018.11.04"]
[EventType "swiss"]
[EventCountry "ESP"]
[SourceTitle "playchess.com"]
[Source "ChessBase"]
[SourceQuality "1"]
[TimeControl "40/5400+30:1800+30"]

1. e4 c5 2. Nf3 e6 3. Be2 a6 4. O-O d6 5. d4 cxd4 6. Nxd4 Nf6 7. Nc3 Be7 8. Be3 O-O 9. f4 Nbd7 10. Bf3 Qc7 11. Qe2 Re8 12. g4 Nf8 13. g5 N6d7 14. Bg2 Rb8 15. f5 b5 16. Qh5 e5 17. Nd5 Qb7 18. f6 Bd8 19. Nf5 1-0

[Event "FIDE WCCC U12 2018"]
[Site "Santiago de Compostela"]
[Date "2018.11.15"]
[Round "11"]
[White "Yu, Jason"]
[Black "Tobak, Mikhail"]
[Result "1/2-1/2"]
[ECO "B08"]
[WhiteElo "2097"]
[BlackElo "1936"]
[Annotator "NA"]
[PlyCount "96"]
[EventDate "2018.11.04"]
[EventType "swiss"]
[EventCountry "ESP"]
[SourceTitle "playchess.com"]
[Source "ChessBase"]
[SourceQuality "1"]
[TimeControl "40/5400+30:1800+30"]

1. e4 d6 2. d4 Nf6 3. Nc3 g6 4. Nf3 Bg7 5. Bc4 O-O 6. O-O Nxe4 7. Nxe4 d5 8. Bd3 dxe4 9. Bxe4 Nd7 10. c3 Nf6 {[%emt 0:00:15] LiveBook: 3 Games B08: Pirc Defence: Classical System} (10... c5 11. Bc2 cxd4 12. Nxd4 Ne5 13. Qe2 Bg4 14. Qe4 Qc8 15. Bb3 e6 16. Bf4 Bf5 17. Qe3 Nc4 18. Qe2 Na5 19. Nxf5 gxf5 {½-½ (43) Vitiugov,N (2722)-Dubov,D (2683) St Petersburg 2017}) 11. Bd3 b6 12. Re1 Bb7 13. Qe2 e6 14. Bd2 $146 Qc8 15. Rad1 c5 16. Be3 Nd5 17. dxc5 Nxe3 18. Qxe3 Qxc5 19. Qxc5 bxc5 20. Be4 Rab8 21. Rd2 Ba6 22. Red1 Rb6 23. Ne1 Bh6 24. Rc2 {[%emt 0:00:30] [#]} Rfb8 $1 25. Rb1 c4 26. g3 Bf8 27. Rd2 Bb7 28. Bxb7 R6xb7 29. Nf3 Ba3 30. Ne5 Rxb2 31. Rbxb2 Bxb2 32. Rc2 Ba3 33. Nxc4 Bc5 34. Kg2 Rc8 35. Nb2 Bd4 36. Nd1 e5 37. Re2 Bb6 38. Rxe5 Rd8 39. Ne3 Rd2 40. a4 Ra2 41. Kf3 Rxa4 42. Nd5 Ra3 43. Re8+ Kg7 44. Rc8 Ra2 45. Nxb6 axb6 46. Ke3 Rc2 47. h4 b5 48. Rc5 $11 Rb2 1/2-1/2

[Event "FIDE WCCC U12 2018"]
[Site "Santiago de Compostela"]
[Date "2018.11.15"]
[Round "11"]
[White "Clasby, Derek"]
[Black "Deng Yu Dong Michael"]
[Result "0-1"]
[ECO "B36"]
[WhiteElo "2087"]
[BlackElo "1863"]
[Annotator "NA"]
[PlyCount "110"]
[EventDate "2018.11.04"]
[EventType "swiss"]
[EventCountry "ESP"]
[SourceTitle "playchess.com"]
[Source "ChessBase"]
[SourceQuality "1"]
[TimeControl "40/5400+30:1800+30"]

1. e4 c5 2. Nf3 Nc6 3. d4 cxd4 4. Nxd4 g6 5. c4 Nf6 6. Nc3 d6 7. f3 Nxd4 8. Qxd4 Bg7 9. Be3 O-O 10. Qd2 a5 11. b3 Bd7 12. Be2 Bc6 13. O-O Nd7 14. Rab1 Nc5 15. a3 {[%emt 0:05:08] LiveBook: 7 Games B39: Sicilian: Maroczy Bind with 5...Bg7 and 7...Ng4} (15. Rfd1 Be5 16. Qe1 Qc7 17. Nd5 Bxd5 18. cxd5 Rfc8 19. Rdc1 Qb6 20. Qd1 Bf4 21. Qd4 Bxe3+ 22. Qxe3 Na4 23. Qxb6 Nxb6 {½-½ (37) Wojtaszek,R (2701)-Lenic,L (2621) Legnica 2013}) 15... Qc7 16. Rfc1 $146 (16. Rfd1 $14) ({Predecessor:} 16. Bd1 Rfc8 17. b4 axb4 18. axb4 Ra3 19. Rc1 Na4 20. Nb1 Ra1 21. Bd4 Bxd4+ 22. Qxd4 Ra2 23. Bb3 e5 24. Qa7 Ra1 25. b5 Nc5 {½-½ (25) Parvanyan,A (2364)-Kaid,A (2278) Germany 2017}) 16... a4 17. bxa4 Nxa4 18. Nd5 Qd7 19. Bd1 Bxd5 20. cxd5 Rfc8 21. Bxa4 Rxa4 22. Rxc8+ Qxc8 23. Rc1 Qa8 24. Qc2 h5 25. Qc8+ Kh7 26. Qxa8 Rxa8 27. Bg5 Bd4+ 28. Kf1 f6 29. Bd2 Bc5 30. Bb4 b6 31. Rb1 Kg7 32. Bxc5 bxc5 33. Ra1 Ra4 34. Ke2 f5 35. exf5 gxf5 36. Kd3 Kf6 37. Kc3 Ke5 38. Kb3 Rd4 (38... Rh4 $17 39. a4 Rxh2) 39. Re1+ Kxd5 40. Rxe7 Rd3+ 41. Ka4 Rd2 42. Rg7 Kc4 $19 43. g4 fxg4 44. fxg4 Rg2 45. Rg6 d5 46. gxh5 Rxh2 47. Rg1 d4 48. Rc1+ Kd5 49. h6 c4 50. Rg1 Rxh6 51. Rg5+ Ke4 52. Kb4 c3 53. Kb3 Rc6 54. Rg4+ Ke3 55. Rg3+ Kf4 0-1

[Event "FIDE WCCC U12 2018"]
[Site "Santiago de Compostela"]
[Date "2018.11.15"]
[Round "11"]
[White "Damjanovic, Vuk"]
[Black "Tugstumur, Yesuntumur"]
[Result "0-1"]
[ECO "B47"]
[WhiteElo "2053"]
[BlackElo "2331"]
[Annotator "NA"]
[PlyCount "92"]
[EventDate "2018.11.04"]
[EventType "swiss"]
[EventCountry "ESP"]
[SourceTitle "playchess.com"]
[Source "ChessBase"]
[SourceQuality "1"]
[TimeControl "40/5400+30:1800+30"]

1. e4 (1. d4 c5 2. c3 {Vorgänger:} e6 $146 3. Nf3 Nc6 4. a3 Nf6 5. Bf4 Qb6 6. Ra2 a5 7. e3 a4 8. Nbd2 d5 9. Bd3 Nh5 10. Be5 Nxe5 11. Nxe5 Nf6 {½-½ (19) Bryzgalin,K (2424)-Gutman,G (2476) Pardubice 2018}) 1... c5 2. Nf3 e6 3. d4 cxd4 4. Nxd4 Nc6 5. Nc3 Qc7 6. g3 a6 7. Bg2 Nf6 8. O-O h5 9. h3 Bc5 10. Nb3 Be7 11. Qe2 d6 12. f4 b5 13. Be3 Bb7 14. Qf2 O-O 15. Bf3 Rac8 16. g4 b4 17. Na4 Nb8 18. Nb6 Rcd8 19. Qg2 d5 20. e5 Nh7 21. Bd4 Nc6 22. Bf2 a5 23. Na4 Ba6 24. Bb6 Bxf1 25. Rxf1 Qb8 26. Bxd8 Rxd8 27. Nc1 hxg4 28. hxg4 g5 29. f5 Nxe5 30. fxe6 fxe6 31. Be2 Kg7 32. Nd3 Nxd3 33. Bxd3 Nf6 34. Rf3 Rh8 35. Rh3 Rxh3 36. Qxh3 Qf4 37. Kg2 Bd6 38. b3 Ne4 39. Bxe4 Qxe4+ 40. Qf3 Qxc2+ 41. Qf2 Qxf2+ 42. Kxf2 Kf6 43. Nb2 Ke5 44. Ke3 Bc5+ 45. Kf3 Kd4 46. Ke2 e5 0-1